 Dungeon Crawl Stone Soup version 0.24.0-123-gd5b16e6ec5 (webtiles) character file.

Game seed: 8466625467325188755, levelgen mode: deterministic

322 Mesmaeker13 the Digger (level 6, 0/36 HPs)
             Began as an Octopode Earth Elementalist on Jan 6, 2020.
             Was an Initiate of Sif Muna.
             Slain by a scorpion (9 damage)
             ... on level 4 of the Dungeon.
             The game lasted 00:07:46 (4360 turns).

Mesmaeker13 the Digger (OpEE)                       Turns: 4360, Time: 00:07:47

Health: 0/36       AC:  1    Str:  7    XL:     6   Next: 47%
Magic:  4/10       EV: 15    Int: 20    God:    Sif Muna [......]
Gold:   228        SH:  0    Dex: 12    Spells: 5/11 levels left

rFire    . . .     SeeInvis .   d - +2 mace (venom)
rCold    + . .     Gourm    .   (no shield)
rNeg     . . .     Faith    .   (helmet restricted)
rPois    .         Spirit   .   (no amulet)
rElec    .         Reflect  .   n - ring of protection from cold
rCorr    .         Harm     .   (no ring)
MR       .....                  (no ring)
Stlth    +++.......             (no ring)
HPRegen  0.12/turn              (no ring)
MPRegen  0.12/turn              (no ring)
                                (no ring)
                                (no ring)

@: very slightly contaminated
A: almost no armour, stealthy swim, amphibious, 8 rings, constrict 8, camouflage
1, gelatinous body 1
a: Renounce Religion


You were on level 4 of the Dungeon.
You worshipped Sif Muna.
Sif Muna was noncommittal.
You were not hungry.

You visited 1 branch of the dungeon, and saw 4 of its levels.

You collected 228 gold pieces.

Inventory:

Hand Weapons
 d - a +2 mace of venom (weapon)
 j - a +2 hand axe of draining
 m - a +1 whip of electrocution
Missiles
 b - 57 stones (quivered)
Jewellery
 e - an uncursed amulet of regeneration {unknown}
 n - a ring of protection from cold (left tentacle)
 q - an uncursed amulet of rage
Scrolls
 a - a scroll of teleportation
 l - 4 scrolls of remove curse
 o - a scroll of blinking
 p - a scroll of immolation
Potions
 f - a potion of lignification
 g - 2 potions of flight
 h - 3 potions of heal wounds
 i - a potion of agility
 s - a potion of invisibility
Comestibles
 c - 11 rations
 k - 4 chunks of flesh


   Skills:
 + Level 4.1 Dodging
 - Level 2.6 Stealth
 - Level 3.0 Spellcasting
 + Level 2.3 Conjurations
 - Level 1.0 Transmutations
 + Level 4.7 Earth Magic


You had 5 spell levels left.
You knew the following spells:

 Your Spells              Type           Power        Failure   Level  Hunger
a - Sandblast             Erth           ###...       1%          1    None
b - Stone Arrow           Conj/Erth      ###...       10%         3    ###....
c - Passwall              Tmut/Erth      ##......     7%          2    ##.....

Your spell library contained the following spells:

 Spells                   Type           Power        Failure   Level  Hunger
 Petrify                  Tmut/Erth      ##......     41%         4    ####...
 Lee's Rapid Deconstruct  Erth           ###.......   50%         5    ######.


Dungeon Overview and Level Annotations

Branches:
Dungeon (4/15)
 Temple: D:4-7

Altars:
Dithmenos
Kikubaaqudgha
Qazlal
Sif Muna
Trog
Uskayaw
Vehumet
Wu Jian
Yredelemnul
The Shining One

Annotations:
D:4 exclusion: statue


Innate Abilities, Weirdness & Mutations

You cannot wear most types of armour.
You are very stealthy in the water. (Stealth+)
You are amphibious.
You can wear up to eight rings at the same time.
You can use your tentacles to constrict eight enemies at once.
Your skin changes colour to match your surroundings (Stealth+).
Your rubbery body absorbs attacks. (AC +1, EV +1)


Message History

b - 58 stones The scorpion stings you!
* * * LOW HITPOINT WARNING * * *
Casting: Sandblast (safe; 1% risk of failure)
Confirm with . or Enter, or press ? or * to list all spells.
Aiming: Sandblast (safe; 1% risk of failure)
Press: ? - help, Shift-Dir - straight line, f/p - scorpion
Aim: a scorpion (moderately wounded)
You miscast Sandblast.
Nothing appears to happen.
The scorpion barely misses you.
Casting: Sandblast (safe; 1% risk of failure)
Confirm with . or Enter, or press ? or * to list all spells.
Aiming: Sandblast (safe; 1% risk of failure)
Press: ? - help, Shift-Dir - straight line, f/p - scorpion
Aim: a scorpion (moderately wounded)
The blast of sand hits the scorpion!
The scorpion is almost dead.
b - 57 stones The scorpion stings you!
You die...

.. ##......#...<
..##.......).....
.?.#...$.......... ..
..................
##.#####.................
.......(....#...........
........##...s..........
#....##..#.@..........
#.....................
#.....................
##...#########........
##..# #........ ##รท#
8._............ ##.#
......#........
#..#########........
#...................


You could see a scorpion.

Vanquished Creatures
  A centaur skeleton (D:4)
  3 orc wizards (D:3)
  2 worker ants (D:4)
  6 gnolls
  4 adders
  An adder skeleton (D:4)
  2 worms (D:3)
  2 dart slugs (D:1)
  3 leopard geckos
  2 orcs (D:3)
  8 bats
  9 giant cockroaches
  3 goblins (D:1)
  4 hobgoblins
  3 jackals (D:3)
  A ball python (D:4)
  3 frilled lizards
  9 kobolds
  A leopard gecko skeleton (D:4)
  5 rats
72 creatures vanquished.

Notes
Turn   | Place    | Note
-------+----------+-------------------------------------------
     0 | D:1      | Mesmaeker13 the Octopode Earth Elementalist began the quest
                  | for the Orb.
     0 | D:1      | Reached XP level 1. HP: 11/11 MP: 3/3
   413 | D:1      | Reached XP level 2. HP: 16/17 MP: 5/5
  1149 | D:1      | Reached XP level 3. HP: 16/21 MP: 6/6
  1381 | D:2      | Learned a level 3 spell: Stone Arrow
  1740 | D:2      | Noticed a -2 hand axe
  1740 | D:2      | Noticed a +0 hand axe
  1741 | D:2      | Found a hide-covered altar of Uskayaw.
  1836 | D:2      | Reached XP level 4. HP: 27/27 MP: 6/8
  1849 | D:2      | Found a shadowy altar of Dithmenos.
  2632 | D:2      | Found an ancient bone altar of Kikubaaqudgha.
  2632 | D:2      | Found a bloodstained altar of Trog.
  2915 | D:3      | Learned a level 2 spell: Passwall
  3476 | D:3      | Reached XP level 5. HP: 23/31 MP: 5/9
  3601 | D:3      | Reached skill level 1 in Conjurations
  3643 | D:3      | Found an ornate altar of the Wu Jian Council.
  3735 | D:3      | Found a shimmering blue altar of Sif Muna.
  3991 | D:3      | Became a worshipper of Sif Muna the Loreminder
  4116 | D:4      | Found a stormy altar of Qazlal.
  4144 | D:4      | Reached XP level 6. HP: 36/36 MP: 3/10
  4236 | D:4      | Found a basalt altar of Yredelemnul.
  4241 | D:4      | Found a glowing golden altar of the Shining One.
  4243 | D:4      | Noticed an angel
  4348 | D:4      | Found a radiant altar of Vehumet.
  4360 | D:4      | Slain by a scorpion

Levels and vault maps discovered:
D:1:      evilmike_arrival_rings, layout_rooms
D:2:      layout_loops_corners, dancing_weapons_uskayaw,
          gammafunk_temple_overflow_wave, old_standard_altar, minmay_door_square
D:3:      layout_basic, nicolae_overflow_hidden_temple, lemuel_round_altar,
          first_ration
D:4:      layout_cave_pools, grunt_temple_overflow_holy_war,
          nicolae_qazlal_general_emergency, vehumet_statue,
          gup_sewer_entry_bubbles

Skill      XL: |  1  2  3  4  5  6 |
---------------+-------------------+-----
Dodging        | 3 4 |  4.1
Spellcasting   | 3 |  3.0
Earth Magic    | 4 |  4.7
Conjurations   | 1 2 |  2.3
Stealth        | |  2.6
Transmutations | |  1.0

Action                   |  1- 3 |  4- 6 || total
-------------------------+-------+-------++-------
Melee: Mace              |    40 |    25 ||    65
       Constrict         |    13 |     3 ||    16
       Tentacles         |     6 |       ||     6
 Cast: Sandblast         |    12 |    65 ||    77
  Use: Scroll            |     1 |    11 ||    12
 Stab: Sleeping          |     7 |     3 ||    10
  Eat: Chunk             |     3 |     2 ||     5
       Ration            |       |     2 ||     2
Armor: Skin              |     6 |     3 ||     9
Dodge: Dodged            |    37 |    39 ||    76
